 Dungeon Crawl Stone Soup version 0.21.1-1-g345015f (console) character file.

6146 erker the Transmogrifier (level 10, -6/60 HPs)
             Began as an Octopode Transmuter on May 8, 2018.
             Was a Follower of Cheibriados.
             Mangled by Grum
             ... wielding a +1 spear
              (24 damage)
             ... on level 8 of the Dungeon.
             The game lasted 00:47:47 (9511 turns).

erker the Transmogrifier (Octopode Transmuter)      Turns: 9511, Time: 00:47:48

Health: -6/60      AC:  1    Str: 13    XL:     10   Next: 90%
Magic:  15/18      EV: 15    Int: 20    God:    Cheibriados [*.....]
Gold:   445        SH:  4    Dex: 16    Spells: 13/20 levels left

rFire    + . .     SeeInvis +     - Unarmed
rCold    . . .     Gourm    .   (no shield)
rNeg     . . .     Faith    .   (helmet restricted)
rPois    .         Spirit   .   l - +4 amulet of reflection
rElec    .         Reflect  +   p - ring of see invisible
rCorr    .         Harm     .   v - +2 ring of dexterity
MR       .....                  (no ring)
Stlth    ++++......             C - ring of protection from fire
HPRegen  0.20/turn              (no ring)
MPRegen  0.16/turn              (no ring)
                                (no ring)
                                (no ring)

@: about to teleport, very slow
A: almost no armour, stealthy swim, amphibious, 8 rings, constrict 8, camouflage
1, gelatinous body 1
a: Bend Time, Renounce Religion


You were on level 8 of the Dungeon.
You worshipped Cheibriados.
Cheibriados was aware of your devotion.
You were not hungry.

You visited 2 branches of the dungeon, and saw 9 of its levels.

You collected 445 gold pieces.

Inventory:

Hand Weapons
 j - a +2 short sword of venom
 s - a +2 trident of protection
Missiles
 a - 140 arrows
 e - 55 stones (quivered)
 n - 14 poisoned needles
 y - 14 bolts
 D - a throwing net
Armour
 I - a cursed +0 shield
Jewellery
 g - an uncursed amulet of rage
 l - a +4 amulet of reflection (around mantle)
 p - a ring of see invisible (left tentacle)
 v - a +2 ring of dexterity (right tentacle)
 C - a ring of protection from fire (on tentacle)
 H - an uncursed ring of fire
Wands
 x - a wand of clouds (6)
 A - a wand of random effects (19)
Scrolls
 d - 4 scrolls of remove curse
 f - a scroll of magic mapping {unknown}
 i - 2 scrolls of enchant weapon
 k - 3 scrolls of teleportation
 o - 3 scrolls of immolation
 r - a scroll of blinking {unknown}
 E - a scroll of identify
 F - a scroll of amnesia {unknown}
Potions
 h - a potion of brilliance
 m - 3 potions of curing
 q - 2 potions of degeneration
 t - a potion of might
 w - a potion of resistance
 B - a potion of magic
 G - 3 potions of cancellation {unknown}
Books
 b - a book of Changes

   Spells                             Type                      Level
   a - Beastly Appendage              Transmutation                1
   b - Sticks to Snakes               Transmutation                2
   c - Spider Form                    Transmutation/Poison         3
   d - Ice Form                       Ice/Transmutation            4
   e - Blade Hands                    Transmutation                5
Comestibles
 c - 24 rations
 z - a chunk of flesh


   Skills:
 + Level 2.0 Fighting
 + Level 3.5 Dodging
 + Level 4.3 Stealth
 + Level 7.6 Unarmed Combat
 + Level 5.7 Spellcasting
 * Level 9.0 Transmutations
 + Level 5.4 Ice Magic
 * Level 2.3 Invocations
 * Level 6.5 Evocations


You had 13 spell levels left.
You knew the following spells:

 Your Spells              Type           Power        Failure   Level  Hunger
a - Beastly Appendage     Tmut           #####.       1%          1    None
t - Sticks to Snakes      Tmut           #####...     1%          2    None
y - Ice Form              Ice/Tmut       ####....     5%          4    ####...


Dungeon Overview and Level Annotations

Branches:
Dungeon (8/15)             Temple (1/1) D:7
   Lair: D:8-11

Altars:
Ashenzari
Cheibriados
Dithmenos
Elyvilon
Fedhas
Gozag
Hepliaklqana
Kikubaaqudgha
Makhleb
Nemelex Xobeh
Okawaru
Qazlal
Ru
Sif Muna
Trog
Uskayaw
Vehumet
Wu Jian
Xom
Yredelemnul
Zin
The Shining One

Annotations:
D:3 infcreate's ghost, weakling MiFi
D:4 exclusion: ogre
D:8 Grum


Innate Abilities, Weirdness & Mutations

You cannot wear most types of armour.
You are very stealthy in the water. (Stealth+)
You are amphibious.
You can wear up to eight rings at the same time.
You can use your tentacles to constrict eight enemies at once.
Your skin changes colour to match your surroundings (Stealth+).
Your rubbery body absorbs attacks. (AC +1, EV +1)


Message History

The floor.
Unknown command.
Unknown command.
Unknown command.
Evoke which item? (* to show all) (? for menu, Esc to quit)
You have no means to grasp a wand firmly enough.
You warm up again.
Grum hits you from afar with an enchanted spear!
* * * LOW HITPOINT WARNING * * *
As you read the scroll of teleportation, it crumbles to dust.
You feel strangely unstable.
Grum barks.
Grum closely misses you.
Evoke which item? (* to show all) (? for menu, Esc to quit)
Aiming: Cloud Cone
Press: ? - help, Dir - move target cursor, f - Grum
Aim: Grum, wielding an enchanted spear and wearing an animal skin You create a blast of freezing vapour!
Grum is engulfed in freezing vapours.
Grum hits you from afar with an enchanted spear!!
You die... #. ..... ..... ##### #§§§# ..# #.... §§§ #.# #.### hO§

##.## #.# # #g# ##...##
#.# # ####§#
##.....###.# #
##.##@###.......##.###
###...#.##.........#....
#.......................
#.#...####.........####.
#.##.## ##.......## ##
#.....# ##.....#######
#####.# ##...## #...#
#.# ##.## #.... #.#
##.#####...#


You could see a two-headed ogre, Grum and a wolf.

Vanquished Creatures
  2 two-headed ogres (D:8)
  A cyclops (D:7)
  Maurice (D:8)
  Grinder (D:6)
  A hippogriff (D:8)
  Prince Ribbit (D:7)
  Menkaure (D:6)
  Duvessa (D:6)
  4 sky beasts
  2 ice beasts
  An ogre (D:4)
  3 black bears
  A necrophage (D:6)
  4 phantoms
  A wolf (D:8)
  3 centaurs
  4 bullfrogs
  A gnoll sergeant (D:8)
  A jelly (D:7)
  5 killer bees (D:8)
  2 crimson imps
  4 hounds
  2 orc wizards (D:7)
  2 orc priests
  A bullfrog skeleton (D:7)
  An iguana (D:6)
  8 worker ants
  A hound skeleton (D:4)
  A worker ant zombie (D:5)
  6 adders
  6 gnolls
  2 shadow imps
  2 oozes
  3 adder skeletons
  2 worms
  4 dart slugs
  4 leopard geckos
  11 orcs
  A ball python (D:4)
  4 giant cockroaches
  9 goblins
  10 hobgoblins
  6 jackals
  3 quokkas
  A ball python skeleton (D:4)
  8 bats
  4 frilled lizards
  A giant cockroach zombie (D:6)
  A jackal skeleton (D:5)
  9 kobolds
  A leopard gecko skeleton (D:4)
  A rat (D:3)
160 creatures vanquished.

Vanquished Creatures (collateral kills)
  A two-headed ogre (D:8)
  Dowan (D:6)
  A howler monkey (D:3)
  An orc priest (D:6)
  A gnoll (D:6)
  A hobgoblin (D:2)
  A frilled lizard (D:1)
7 creatures vanquished.

Grand Total: 167 creatures vanquished

Notes
Turn   | Place    | Note
-------+----------+-------------------------------------------
     0 | D:1      | erker the Octopode Transmuter began the quest for the Orb.
     0 | D:1      | Reached XP level 1. HP: 13/13 MP: 3/3
    76 | D:1      | Reached XP level 2. HP: 18/18 MP: 5/5
    83 | D:1      | Learned a level 2 spell: Sticks to Snakes
   483 | D:1      | Reached XP level 3. HP: 19/23 MP: 6/6
   715 | D:1      | Reached skill level 3 in Transmutations
  1385 | D:2      | Reached XP level 4. HP: 18/28 MP: 5/8
  1790 | D:2      | Found a shadowy altar of Dithmenos.
  1790 | D:2      | Found a bloodstained altar of Trog.
  1794 | D:2      | Found a sparkling altar of Nemelex Xobeh.
  2098 | D:2      | Learned a level 4 spell: Ice Form
  2171 | D:3      | Found a stormy altar of Qazlal.
  2213 | D:3      | Found a shattered altar of Ashenzari.
  2403 | D:3      | Reached skill level 4 in Transmutations
  2428 | D:3      | Noticed infcreate's ghost (weakling MiFi)
  2812 | D:3      | Reached XP level 5. HP: 20/33 MP: 9/9
  2858 | D:3      | Found a hazy altar of Hepliaklqana.
  3128 | D:4      | Noticed an ogre
  3161 | D:4      | Reached skill level 1 in Ice Magic
  3255 | D:4      | Noticed a phantom
  3296 | D:4      | Noticed a black bear
  3305 | D:4      | HP: 1/33 [howler monkey (7)]
  3660 | D:4      | Reached XP level 6. HP: 38/38 MP: 9/11
  3670 | D:4      | Killed a black bear
  3670 | D:4      | Reached skill level 5 in Transmutations
  3719 | D:4      | Killed a phantom
  3921 | D:4      | Reached XP level 7. HP: 43/43 MP: 6/12
  3962 | D:5      | Entered Level 5 of the Dungeon
  4065 | D:5      | Reached skill level 6 in Transmutations
  4148 | D:5      | Found a basalt altar of Yredelemnul.
  4397 | D:5      | Reached skill level 1 in Evocations
  4397 | D:5      | Reached XP level 8. HP: 44/48 MP: 8/13
  4995 | D:6      | Reached skill level 1 in Stealth
  5311 | D:6      | Noticed Grinder
  5328 | D:6      | Killed Grinder
  5338 | D:6      | Reached skill level 5 in Unarmed Combat
  5361 | D:6      | Found a shimmering altar of Xom.
  5374 | D:6      | Reached skill level 7 in Transmutations
  5549 | D:6      | Noticed Duvessa
  5552 | D:6      | Noticed Dowan
  5984 | D:6      | Found a glowing golden altar of the Shining One.
  6168 | D:6      | Killed Duvessa
  6168 | D:6      | Reached XP level 9. HP: 52/52 MP: 7/15
  6170 | D:6      | Killed Dowan
  6392 | D:6      | Noticed Menkaure
  6403 | D:6      | Killed Menkaure
  6835 | D:7      | Noticed a cyclops
  6841 | D:7      | Killed a cyclops
  6841 | D:7      | Reached skill level 5 in Spellcasting
  6885 | D:7      | Noticed Prince Ribbit
  7223 | D:7      | Killed Prince Ribbit
  7223 | D:7      | Reached skill level 5 in Ice Magic
  7477 | D:7      | Reached skill level 8 in Transmutations
  7835 | D:7      | Reached XP level 10. HP: 56/58 MP: 17/17
  7978 | D:7      | Found a staircase to the Ecumenical Temple.
  7987 | Temple   | Entered the Ecumenical Temple
  8191 | Temple   | Became a worshipper of Cheibriados the Contemplative
  8400 | D:8      | Noticed a two-headed ogre
  8463 | D:8      | Reached skill level 5 in Evocations
  8475 | D:8      | Noticed a two-headed ogre
  8482 | D:8      | Killed a two-headed ogre
  8509 | D:8      | Noticed Maurice
  8529 | D:8      | Killed Maurice
  8544 | D:8      | Reached skill level 1 in Invocations
  8885 | D:8      | Noticed a two-headed ogre
  8910 | D:8      | Killed a two-headed ogre
  9027 | D:8      | Noticed a two-headed ogre
  9239 | D:8      | Killed a two-headed ogre
  9239 | D:8      | Reached skill level 9 in Transmutations
  9425 | D:8      | Reached * piety under Cheibriados
  9504 | D:8      | Noticed Grum
  9511 | D:8      | Mangled by Grum

Skill      XL: |  1  2  3  4  5  6  7  8  9 10 |
---------------+-------------------------------+-----
Transmutations | 3 4 5 6 7 8 9 |  9.0
Spellcasting   | 3 4 5 |  5.7
Ice Magic      | 1 2 3 4 5 |  5.4
Unarmed Combat | 4 5 6 7 |  7.6
Evocations     | 1 3 4 6 |  6.5
Stealth        | 2 3 4 |  4.3
Dodging        | 3 |  3.5
Invocations    | 2 |  2.3
Fighting       | 2 |  2.0

Action                   |  1- 3 |  4- 6 |  7- 9 | 10-12 || total
-------------------------+-------+-------+-------+-------++-------
Melee: Unarmed           |   111 |    73 |   226 |    98 ||   508
       Constrict         |    27 |    31 |    12 |       ||    70
       Tentacles         |    14 |    15 |     9 |       ||    38
       Punch             |     3 |     3 |     1 |       ||     7
       Kick              |     8 |     9 |     2 |       ||    19
       Short sword       |       |    42 |       |       ||    42
 Cast: Beastly Appendage |     4 |     6 |     1 |       ||    11
       Sticks to Snakes  |     2 |    13 |    13 |    17 ||    45
       Ice Form          |       |     2 |    21 |    11 ||    34
 Abil: Evoke Berserk Rag |       |       |     2 |       ||     2
       End Transformatio |       |       |       |     1 ||     1
Evoke: Wand              |       |       |       |     1 ||     1
  Use: Potion            |     2 |       |       |     1 ||     3
       Scroll            |       |       |     9 |     3 ||    12
 Stab: Sleeping          |     1 |     6 |     8 |     1 ||    16
       Invisible         |       |     1 |       |       ||     1
       Distracted        |       |       |       |     1 ||     1
  Eat: Chunk             |     2 |     9 |    19 |     7 ||    37
Armor: Skin              |    15 |     5 |    31 |    24 ||    75
Dodge: Dodged            |    72 |    70 |   101 |    40 ||   283
Block: Other             |       |       |    13 |    21 ||    34
       Reflection        |       |       |     2 |       ||     2
